 Dungeon Crawl Stone Soup version 0.14-b1-22-ge8f5117 (webtiles) character file.

8314 DaftWullie the Slicer (level 11, -7/71 HPs)
             Began as a Kobold Berserker on Apr 5, 2014.
             Was a High Priest of Trog.
             Hit by a javelin thrown by Urug (21 damage)
             ... on Level 10 of the Dungeon.
             The game lasted 01:47:53 (9970 turns).

DaftWullie the Slicer (Kobold Berserker)            Turns: 9970, Time: 01:47:54

HP  -7/71        AC 11     Str 22      XL: 11   Next: 44%
MP  16/16        EV 22     Int  6      God: Trog [*****.]
Gold 475         SH  9     Dex 16      Spells:  0 memorised, 10 levels left

rFire  + . .     SeeInvis .     a - +0,+1 short sword (venom)
rCold  + . .     Clarity  .     F - +2 robe {rC+ rF+}
rNeg   . . .     Conserve .     V - +0 buckler
rPois  .         rCorr    .     w - +0 hat
rElec  .         rRot     .     (no cloak)
SustAb . .       Spirit   .     A - +2 pair of gloves
rMut   .         Warding  .     J - +2 pair of boots
Saprov + + .     Stasis   .     (no amulet)
MR     ++...                    B - +1 ring of protection
                                W - +4 ring of strength

@: regenerating, very resistant to hostile enchantments, very stealthy
A: disease resistance, carnivore 3, saprovore 2
a: Burn Spellbooks, Berserk, Trog's Hand, Brothers in Arms, Renounce Religion


You were on level 10 of the Dungeon.
You worshipped Trog.
Trog was extremely pleased with you.
You were very full.

You visited 1 branch of the dungeon, and saw 10 of its levels.

You collected 475 gold pieces.

Inventory:

Hand weapons
 a - a +0,+1 short sword of venom (weapon)
 t - a +0,+1 dagger of protection
 C - a +0,+2 short sword
 N - a +1,+2 dagger of speed
Missiles
 k - 125 darts (quivered)
 o - 7 darts of dispersal
 r - a dart of flame
 s - an exploding dart
 K - 36 poisoned needles
Armour
 e - a +2 robe
 h - a +0 leather armour
 i - a +0 pair of gloves
 w - a +0 hat (worn)
 A - a +2 pair of gloves (worn)
 F - a +2 robe of resistance (worn)
 I - a +2 leather armour
 J - a +2 pair of boots (worn)
 M - a +2 leather armour
 P - a +2 pair of gloves
 V - a +0 buckler (worn)
Magical devices
 u - a wand of disintegration (11)
 D - a wand of digging (13)
 H - a wand of polymorph (0)
 Q - a wand of slowing (12)
 U - a wand of disintegration (1)
 X - a wand of cold (2)
Comestibles
 c - 3 meat rations
Scrolls
 b - a scroll of enchant weapon I {unknown}
 n - 5 scrolls of fear
 q - 2 scrolls of enchant weapon II
 x - a scroll of fog {unknown}
 y - 3 scrolls of random uselessness {unknown}
 E - 3 scrolls of immolation
 G - a scroll of recharging {unknown}
 T - 3 scrolls of teleportation {unknown}
 Y - 2 scrolls of blinking {unknown}
Jewellery
 B - a +1 ring of protection (right hand)
 S - an uncursed ring of protection from cold {unknown}
 W - a +4 ring of strength (left hand)
Potions
 d - 6 potions of curing
 f - 2 potions of mutation
 g - 2 potions of restore abilities
 j - 2 potions of paralysis {unknown}
 l - a potion of degeneration {unknown}
 m - a potion of magic {unknown}
 p - a potion of lignification {unknown}
 v - a potion of haste {unknown}
 z - a potion of beneficial mutation {unknown}
 L - a potion of brilliance {unknown}
 O - a potion of poison {unknown}
 R - a potion of heal wounds


   Skills:
 * Level 9.0 Fighting
 * Level 13.6 Short Blades
 - Level 3.0 Throwing
 - Level 1.5 Armour
 + Level 11.4 Dodging
 + Level 6.2 Stealth
 + Level 0.8 Unarmed Combat
 + Level 3.1 Evocations


You had 10 spell levels left.
You didn't know any spells.

Dungeon Overview and Level Annotations

Branches:
Dungeon (10/15)            Temple (0/1) D:5
    Orc: D:9-12        Lair: D:8-11

Altars:
Ashenzari
Cheibriados
Elyvilon
Fedhas
Kikubaaqudgha
Makhleb
Nemelex Xobeh
Okawaru
Trog
Yredelemnul
Zin

Annotations:
D:10 Urug


Innate Abilities, Weirdness & Mutations

You recuperate from illness quickly.
You are small and have problems with some larger weapons.
You are carnivorous and can eat meat at any time.
You can eat rotten meat.


Message History

The jelly barely misses you.
Urug throws a javelin.
The javelin misses you.
You see here a javelin.
Drink which item? (? for menu, Esc to quit)
Okay, then.
Read which item? (? for menu, Esc to quit)
Okay, then.
Use which ability? (? or * to list)
Your skin crawls.
You feel resistant to hostile enchantments.
You feel slightly less full.
The orc priest shouts!
The orc priest looks braver.
The jelly closely misses you.
Urug throws a javelin.
The javelin hits you!
* * * LOW HITPOINT WARNING * * *
An orc comes into view. It is wielding a trident.
A giant frog comes into view.
The giant frog moves out of view.
Urug says, "They call me one-eyed Urug.
When I'm done with you they'll have to call you no-head DaftWullie."
Urug throws a javelin.
The javelin hits you!
You die...

###### . #....# ...
..#######....###o...
.........J...........
..###..@#......o....
..o...................
..###........<.......
#...###.####.#######
b....# #.# # #..
##...# #.# #.. #..##
#.# #. ####..
##>.####.# ##.##.....
#........###.....###.


You could see Urug and a jelly.

Vanquished Creatures
  The ghost of Aelig the Grappler, an experienced TrHu of Okawaru (D:8)
  A hill giant (D:9)
  Pikel (D:5)
  A kobold demonologist (D:8)
  A troll (D:9)
  A two-headed ogre (D:8)
  Prince Ribbit (D:8)
  A spriggan (D:7)
  2 hill giant zombies
  A hill giant skeleton (D:9)
  A hippogriff (D:8)
  A hungry ghost (D:8)
  A water moccasin (D:9)
  A sky beast (D:8)
  A yellow wasp (D:7)
  A black bear (D:8)
  5 ogres
  A phantom (D:4)
  An ice beast (D:8)
  8 centaurs
  Sigmund (D:6)
  A gnoll sergeant (D:9)
  8 giant frogs
  9 killer bees
  3 scorpions
  5 wights
  5 crimson imps
  A black bear zombie (D:9)
  9 hounds
  2 goliath beetles
  A jelly (D:7)
  3 orc priests
  2 iguanas
  5 orc wizards
  Natasha (thrice) (D:4)
  4 worker ants
  A killer bee zombie (D:6)
  An ogre zombie (D:8)
  Ijyb (D:2)
  Terence (D:3)
  5 adders
  8 gnolls
  2 shadow imps
  An inept item mimic (D:6)
  3 worms
  2 adder skeletons
  8 giant geckos
  An ooze (D:3)
  20 orcs
  3 ball pythons
  13 hobgoblins
  10 bats
  3 giant cockroaches
  11 giant newts
  17 goblins
  A hobgoblin skeleton (D:4)
  A hobgoblin zombie (D:9)
  15 jackals
  13 kobolds
  An orc zombie (D:6)
  3 quokkas
  A quokka zombie (D:6)
  10 rats
  A ballistomycete (D:7)
251 creatures vanquished.

Vanquished Creatures (collateral kills)
  Eustachio (D:8)
  7 wights
  A shadow imp (D:6)
9 creatures vanquished.

Vanquished Creatures (others)
  An ogre (D:8)
  A giant spore (D:7)
  A kobold zombie (D:5)
3 creatures vanquished.

Grand Total: 263 creatures vanquished

Notes
Turn   | Place    | Note
--------------------------------------------------------------
     0 | D:1      | DaftWullie, the Kobold Berserker, began the quest for the Orb.
     0 | D:1      | Reached XP level 1. HP: 14/14 MP: 1/1
   407 | D:1      | Reached XP level 2. HP: 19/19 MP: 2/2
   727 | D:2      | Acquired Trog's second power
   825 | D:1      | Reached XP level 3. HP: 23/23 MP: 3/3
   969 | D:2      | Reached skill level 5 in Short Blades
  1487 | D:2      | Reached skill level 1 in Throwing
  1565 | D:2      | Noticed Ijyb
  1575 | D:2      | Killed Ijyb
  1575 | D:2      | Reached XP level 4. HP: 29/29 MP: 4/4
  1913 | D:2      | Found a burning altar of Makhleb.
  2107 | D:3      | Noticed Terence
  2112 | D:3      | Killed Terence
  2212 | D:3      | Reached XP level 5. HP: 33/33 MP: 5/5
  2235 | D:3      | Reached skill level 6 in Short Blades
  2286 | D:3      | Noticed a centaur
  2313 | D:3      | Killed a centaur
  2313 | D:3      | Reached skill level 1 in Stealth
  2313 | D:3      | Reached XP level 6. HP: 26/38 MP: 6/6
  2497 | D:3      | Found a white marble altar of Elyvilon.
  2990 | D:4      | Noticed Natasha
  3010 | D:4      | Killed Natasha
  3027 | D:5      | Entered Level 5 of the Dungeon
  3354 | D:4      | Noticed Natasha
  3368 | D:4      | Killed Natasha
  3439 | D:4      | Found a sparkling altar of Nemelex Xobeh.
  3443 | D:4      | Noticed Natasha
  3483 | D:4      | Killed Natasha
  3708 | D:4      | Noticed a phantom
  3748 | D:4      | Killed a phantom
  3748 | D:4      | Reached skill level 7 in Short Blades
  3748 | D:4      | Reached XP level 7. HP: 31/44 MP: 7/7
  3807 | D:4      | Reached skill level 5 in Dodging
  4485 | D:5      | Reached skill level 5 in Fighting
  4485 | D:5      | Reached XP level 8. HP: 49/49 MP: 8/8
  4511 | D:5      | Acquired Trog's third power
  4611 | D:5      | Found a basalt altar of Yredelemnul.
  4623 | D:5      | Noticed a slave
  4640 | D:5      | Noticed Pikel
  4651 | D:5      | Killed Pikel
  4651 | D:5      | Reached skill level 8 in Short Blades
  4654 | D:5      | Noticed a freed slave
  4657 | D:5      | Noticed a freed slave
  4657 | D:5      | Noticed a freed slave
  4676 | D:5      | Found a staircase to the Ecumenical Temple.
  4794 | D:6      | Reached skill level 9 in Short Blades
  4936 | D:6      | Reached XP level 9. HP: 45/55 MP: 10/10
  5123 | D:6      | Found an ancient bone altar of Kikubaaqudgha.
  5311 | D:7      | HP: 1/82 [hill giant zombie (17)]
  5945 | D:6      | Found a burning altar of Makhleb.
  5997 | D:6      | Noticed Sigmund
  6038 | D:6      | Killed Sigmund
  6094 | D:6      | Reached skill level 10 in Short Blades
  6248 | D:7      | Found a bloodstained altar of Trog.
  6659 | D:7      | Found a sparkling altar of Nemelex Xobeh.
  6868 | D:7      | Found a blossoming altar of Fedhas.
  6975 | D:7      | Reached skill level 1 in Evocations
  7012 | D:7      | Found an iron altar of Okawaru.
  7067 | D:7      | Reached XP level 10. HP: 40/63 MP: 11/11
  7254 | D:6      | Reached skill level 11 in Short Blades
  7532 | D:8      | Found a shattered altar of Ashenzari.
  7534 | D:8      | Noticed Prince Ribbit
  7552 | D:8      | Killed Prince Ribbit
  7807 | D:9      | Found a glowing silver altar of Zin.
  8077 | D:8      | Noticed Aelig's ghost (experienced TrHu)
  8109 | D:8      | Killed Aelig's ghost
  8109 | D:8      | Reached skill level 12 in Short Blades
  8109 | D:8      | Reached skill level 10 in Dodging
  8109 | D:8      | Reached skill level 5 in Stealth
  8192 | D:8      | Noticed a kobold demonologist
  8206 | D:8      | Killed a kobold demonologist
  8422 | D:8      | Noticed Eustachio
  8439 | D:8      | Killed Eustachio
  8439 | D:8      | Reached XP level 11. HP: 49/68 MP: 16/16
  9006 | D:9      | Noticed a hill giant
  9024 | D:9      | Reached skill level 13 in Short Blades
  9090 | D:9      | Killed a hill giant
  9303 | D:10     | Entered Level 10 of the Dungeon
  9303 | D:10     | Noticed a hill giant
  9349 | D:9      | Found a snail-covered altar of Cheibriados.
  9968 | D:10     | Noticed Urug
  9970 | D:10     | Hit by a javelin thrown by Urug

Action                   |  1- 3 |  4- 6 |  7- 9 | 10-12 || total
-------------------------+-------+-------+-------+-------++-------
Melee: Short sword       |    88 |       |   327 |   416 ||   831
       Dagger            |    44 |   357 |   141 |       ||   542
       Unarmed           |       |    19 |       |    36 ||    55
Throw: Dart              |    33 |    33 |    43 |    44 ||   153
Invok: Berserk           |     1 |     6 |     8 |    16 ||    31
       Trog's Hand       |       |     4 |     3 |     2 ||     9
       Burn Spellbooks   |       |     1 |     1 |       ||     2
       Brothers in Arms  |       |       |       |     3 ||     3
Evoke: Wand              |       |     1 |     6 |    10 ||    17
  Use: Scroll            |     3 |     4 |     3 |     2 ||    12
       Potion            |       |       |     1 |     1 ||     2
 Stab: Sleeping          |       |       |     4 |     5 ||     9
       Distracted        |       |       |       |     2 ||     2
